 Dungeon Crawl Stone Soup version 0.28-a0-1629-gf728b707aa (webtiles) character file.

Game seed: 4054615254906679747

105 fragbeetle the Chiller (level 4, -2/33 HPs)
             Began as a Merfolk Ice Elementalist on Jan 25, 2022.
             Slain by Crazy Yiuf (13 damage)
             ... on level 2 of the Dungeon.
             The game lasted 00:03:31 (2224 turns).

fragbeetle the Chiller (Merfolk Ice Elementalist)   Turns: 2224, Time: 00:03:32

Health: -2/33      AC:  8    Str:  8    XL:     4   Next: 83%
Magic:  2/7        EV: 13    Int: 16    God:
Gold:   118        SH:  0    Dex: 14    Spells: 0/7 levels left

rFire   . . .      SeeInvis +   j - staff of conjuration
rCold   . . .      Faith    .   (no shield)
rNeg    . . .      Spirit   .   a - +0 robe
rPois   .          Reflect  .   (no helmet)
rElec   .          Harm     .   (no cloak)
rCorr   .          Rampage  .   (no gloves)
Will    .....                   (no boots)
Stlth   ++........              m - amulet of the acrobat
HPRegen 0.11/turn               g - ring of see invisible
MPRegen 0.10/turn               (no ring)

@: lethally poisoned (-2 -> -10), ice-armoured
A: (nimble swimmer 2), mertail
a: no special abilities


You were on level 2 of the Dungeon.
You visited 1 branch of the dungeon, and saw 2 of its levels.

You collected 118 gold pieces.

Inventory:

Hand Weapons
 b - a +0 hand axe
Missiles
 o - 2 poisoned darts
Armour
 a - a +0 robe (worn)
Magical Staves
 j - a staff of conjuration (weapon)
Jewellery
 g - a ring of see invisible (left hand)
 m - an amulet of the acrobat (around neck)
 n - a +4 ring of evasion
 p - a ring of magical power
Scrolls
 d - 2 scrolls of enchant armour {unknown}
 e - a scroll of vulnerability {unknown}
 h - a scroll of blinking {unknown}
 i - 4 scrolls of identify {unknown}
 k - a scroll of fear {unknown}
 l - 2 scrolls of fog {unknown}
 q - a scroll of immolation {unknown}
Potions
 c - a potion of heal wounds {unknown}
 f - a potion of curing {unknown}


   Skills:
 + Level 1.7 Fighting
 + Level 3.6 Dodging
 - Level 3.0 Stealth
 - Level 2.0 Spellcasting
 * Level 1.0 Conjurations
 * Level 5.3 Ice Magic


You couldn't memorise any spells.
You knew the following spells:

 Your Spells              Type           Power      Damage    Failure   Level
a - Freeze                Ice            72%        1d9       2%          1
b - Frozen Ramparts       Ice            36%        1d5       7%          3
c - Ozocubu's Armour      Ice            18%        N/A       7%          3

Your spell library contained the following spells:

 Spells                   Type           Power      Damage    Failure   Level
 Hailstorm                Conj/Ice       17%        3d6       50%         4


Dungeon Overview and Level Annotations

Branches:
Dungeon (2/15)

Altars:
Okawaru

Annotations:
D:2 Crazy Yiuf


Innate Abilities, Weirdness & Mutations

((You are very nimble when in or above water. (Stealth+, EV+, Speed+++)))
Your lower body shifts to a powerful aquatic tail in water.


Message History

Okay, then.
Sorry, you're not good enough to have a special ability.
Casting: Ozocubu's Armour (quite dangerous; 7% risk of failure)
Confirm with . or Enter, or press ? or * to list all spells.
The spell is quite dangerous to miscast (7% risk of failure)!
Continue anyway?
A film of ice covers your body!
The wall freezes Crazy Yiuf.
Crazy Yiuf hits you with a +2 quarterstaff of chaos.
Crazy Yiuf freezes you.
You hit Crazy Yiuf.
Crazy Yiuf is moderately wounded.
The wall freezes Crazy Yiuf.
Crazy Yiuf hits you with a +2 quarterstaff of chaos.
Crazy Yiuf draws strength from your wounds!
You hit Crazy Yiuf but do no damage.
Crazy Yiuf is heavily wounded.
The wall freezes Crazy Yiuf.
Crazy Yiuf hits you but does no damage. You resist with some effort.
You barely miss Crazy Yiuf.
Crazy Yiuf is heavily wounded.
The wall freezes Crazy Yiuf.
Crazy Yiuf hits you with a +2 quarterstaff of chaos.
The wall freezes Crazy Yiuf.
Crazy Yiuf closely misses you.
You hit Crazy Yiuf.
Crazy Yiuf is almost dead.
The frozen ramparts melt away.
Crazy Yiuf screams, "Shower seventy arm!"
Crazy Yiuf misses you.
You hit Crazy Yiuf.
Crazy Yiuf is almost dead.
Crazy Yiuf barely misses you.
You hit Crazy Yiuf but do no damage.
Crazy Yiuf is almost dead.
Crazy Yiuf hits you with a +2 quarterstaff of chaos.
You are poisoned.
You hit Crazy Yiuf but do no damage.
Crazy Yiuf is almost dead.
You feel very sick.
Crazy Yiuf twirls on the spot.
Crazy Yiuf hits you with a +2 quarterstaff of chaos!
You die...

....###
####................
......#
#................
#####.#
#............<...
#.#
########.........
#.## #......... #..#
#......... ##.#####
### #..#######
#...#.## ###..)#
#..#
#......####@g...#
#..#
##......#..##...#
#### ##.#..#.### ###
########


You could see Crazy Yiuf.

Vanquished Creatures
  Jessica (D:2)
  Terence (D:2)
  An adder (D:2)
  A worm (D:2)
  5 ball pythons
  6 endoplasms (D:1)
  A giant cockroach (D:2)
  3 goblins (D:1)
  4 hobgoblins
  4 jackals (D:2)
  6 bats (D:1)
  2 frilled lizards (D:1)
  2 kobolds (D:1)
  5 rats
42 creatures vanquished.

Notes
Turn   | Place    | Note
-------+----------+-------------------------------------------
     0 | D:1      | fragbeetle the Merfolk Ice Elementalist began the quest for
                  | the Orb.
     0 | D:1      | Reached XP level 1. HP: 13/13 MP: 3/3
    69 | D:1      | Reached XP level 2. HP: 8/20 MP: 1/5
   458 | D:1      | Reached skill level 1 in Fighting
   647 | D:1      | Found a faded altar of an unknown god.
   683 | D:1      | Reached XP level 3. HP: 26/26 MP: 6/6
   695 | D:1      | Learned a level 3 spell: Frozen Ramparts
  1411 | D:2      | Noticed Terence
  1435 | D:2      | Found an iron altar of Okawaru.
  1466 | D:2      | Reached skill level 5 in Ice Magic
  1845 | D:2      | Noticed Jessica
  1853 | D:2      | Killed Jessica
  1854 | D:2      | Reached XP level 4. HP: 22/32 MP: 3/7
  1952 | D:2      | Learned a level 3 spell: Ozocubu's Armour
  1964 | D:2      | Killed Terence
  1965 | D:2      | Reached skill level 1 in Conjurations
  2091 | D:2      | Found a runed translucent door.
  2092 | D:2      | Noticed Crazy Yiuf
  2224 | D:2      | Slain by Crazy Yiuf

Illustrated notes

Levels and vault maps discovered:
D:1:      dpeg_arrival_another_circle, layout_rooms,
          hellmonk_ecumenical_altar_inner_sanctum, minmay_pentomino_s4
D:2:      layout_rooms, basic_altar, uniq_crazy_yiuf_cottage, uniq_terence,
          uniq_jessica

Skill      XL: |  1  2  3  4 |
---------------+-------------+-----
Dodging        | 3 |  3.6
Fighting       | 1 |  1.7
Ice Magic      | 5 |  5.3
Stealth        | 3 |  3.0
Conjurations   | 1 |  1.0
Spellcasting   | |  2.0

Action                   |  1- 3 |  4- 6 || total
-------------------------+-------+-------++-------
Melee: Hand axe          |    41 |       ||    41
       Staff             |    17 |    12 ||    29
 Cast: Freeze            |    28 |       ||    28
       Frozen Ramparts   |     2 |     2 ||     4
       Ozocubu's Armour  |       |     2 ||     2
 Stab: Sleeping          |     4 |       ||     4
Armor: Robe              |    20 |     2 ||    22
Dodge: Dodged            |    67 |     6 ||    73

Table legend: (Time is in decaauts)
 A = Elapsed time spent in this place.
 B = Non-inter-level travel time spent in this place.
 C = Inter-level travel time spent in this place.
 D = Time resting spent in this place.
 E = Time spent auto-exploring this place.
 F = Levels seen in this place.
 G = Mean time per level.
                   A        B        C        D        E       F      G
               +--------+--------+--------+--------+--------+-----+--------+
         Total |   2240 |   2128 |    112 |     93 |   1724 |   2 | 1120.0 |
       Dungeon |   2240 |   2128 |    112 |     93 |   1724 |   2 | 1120.0 |
               +--------+--------+--------+--------+--------+-----+--------+

Top non-repeatable levels by time:
     D:2: 1173 daAuts
     D:1: 1067 daAuts
